 Dungeon Crawl Stone Soup version 0.26-a0-64-g059e62fbdb (webtiles) character file.

Game seed: 7494394983522995970

143 tilp the Sneak (level 5, -2/24 HPs)
             Began as a Spriggan Enchanter on June 11, 2020.
             Killed from afar by an orc wizard (9 damage)
             ... with a magic dart
             ... on level 3 of the Dungeon.
             The game lasted 00:08:17 (3107 turns).

tilp the Sneak (Spriggan Enchanter)                 Turns: 3107, Time: 00:08:18

Health: -2/24      AC:  4    Str:  4    XL:     5   Next: 4%
Magic:  1/10       EV: 18    Int: 17    God:
Gold:   72         SH:  0    Dex: 17    Spells: 6/9 levels left

rFire    . . .     SeeInvis +   a - +1 dagger
rCold    . . .     Gourm    .   (shield restricted)
rNeg     . . .     Faith    .   b - +0 robe
rPois    .         Spirit   .   (helmet restricted)
rElec    .         Reflect  .   s - +1 cloak
rCorr    .         Harm     .   (gloves unavailable)
MR       .....                  (boots unavailable)
Stlth    ++++......             (no amulet)
HPRegen  0.08/turn              (no ring)
MPRegen  0.12/turn              (no ring)

@: very quick
A: very small, unfitting armour, see invisible, herbivore, speed 3, slow
metabolism 2
a: no special abilities


You were on level 3 of the Dungeon.
You were very hungry.

You visited 1 branch of the dungeon, and saw 3 of its levels.

You collected 72 gold pieces.

Inventory:

Hand Weapons
 a - a +1 dagger (weapon)
Missiles
 d - 6 boomerangs
 p - 27 poisoned darts (quivered)
 t - 7 atropa-tipped darts
Armour
 b - a +0 robe (worn)
 s - a +1 cloak (worn)
Jewellery
 h - an uncursed amulet of reflection {unknown}
 i - a cursed ring of attention {unknown}
 k - an uncursed ring of protection from cold {unknown}
 u - a cursed amulet of inaccuracy {unknown}
Wands
 o - a wand of random effects (11)
Scrolls
 e - a scroll of fog {unknown}
 f - a scroll of identify {unknown}
 j - a scroll of random uselessness {unknown}
 l - a scroll of magic mapping {unknown}
 m - a scroll of remove curse {unknown}
 n - a scroll of fear {unknown}
 q - a scroll of teleportation {unknown}
Potions
 g - a potion of curing {unknown}
 r - a potion of haste {unknown}
Comestibles
 c - 4 rations


   Skills:
 + Level 3.8 Short Blades
 - Level 3.0 Dodging
 + Level 7.0 Stealth
 - Level 2.6 Spellcasting
 - Level 3.6 Hexes


You had 6 spell levels left.
You knew the following spells:

 Your Spells              Type           Power        Failure   Level  Hunger
a - Corona                Hex            ##.....      4%          1    #......
b - Ensorcelled Hibernat  Hex/Ice        #.....       13%         2    ##.....

Your spell library contained the following spells:

 Spells                   Type           Power        Failure   Level  Hunger
 Confusing Touch          Hex            ##......     12%         3    ###....
 Tukima's Dance           Hex            ##......     12%         3    ###....
 Dazzling Flash           Conj/Hex       #.....       26%         3    ###....


Dungeon Overview and Level Annotations

Branches:
Dungeon (3/15)

Altars:
Xom

Annotations:
D:3 dig vault


Innate Abilities, Weirdness & Mutations

You are very small and have problems with some larger weapons.
You are too small for most types of armour.
You have supernaturally acute eyesight. (SInv)
You are a herbivore.
You cover ground extremely quickly.
You need to consume almost no food.


Message History

You hit the orc wizard.
The orc wizard is almost dead.
The orc wizard hits you but does no damage.
You hit the orc wizard but do no damage.
The orc wizard is almost dead.
The orc wizard casts a cantrip, but nothing happens.
You hit the orc wizard but do no damage.
The orc wizard is almost dead.
The orc wizard casts a spell at you. The puff of frost hits you!
* * * LOW HITPOINT WARNING * * *
You barely miss the orc wizard.
The orc wizard is almost dead.
The orc wizard closely misses you.
Your magical contamination has completely faded away.
You closely miss the orc wizard.
The orc wizard is almost dead.
The orc wizard points at you and mumbles some strange words.
The magic dart hits you!
You die...

#.###.###.###.#.............
#...........................
#..##.###.###...##)o....##.#
...##.# #.# #...##.# #.#
#.###.###.###...##.# #.# #.#
#...........##)###.#
#.###### #.#
#####.####<..†.)...#
#.>....o
#.#######.####..##(##### #.#
.........#......@ow# #.#
##.######.#####.##.#######.#
##.## ### #.##.........#
#...# #.##.######.## ....#
#.....# #.# #...# ####..#
#.# ##### #..#####.##
#..##..... #####..##.##.# #


You could see a worm and an orc wizard (fast, invisible).

Vanquished Creatures
  An orc priest (D:2)
  4 adders
  2 oozes (D:2)
  A worm (D:2)
  4 leopard geckos
  3 orcs
  3 giant cockroaches
  6 goblins
  4 hobgoblins
  6 jackals
  A quokka (D:2)
  A ball python (D:3)
  10 bats
  4 frilled lizards
  6 kobolds
  6 rats
62 creatures vanquished.

Notes
Turn   | Place    | Note
-------+----------+-------------------------------------------
     0 | D:1      | tilp the Spriggan Enchanter began the quest for the Orb.
     0 | D:1      | Reached XP level 1. HP: 9/9 MP: 5/5
   482 | D:1      | Reached XP level 2. HP: 13/13 MP: 4/6
   486 | D:1      | Learned a level 2 spell: Ensorcelled Hibernation
   541 | D:1      | Reached skill level 5 in Stealth
  1272 | D:2      | Reached XP level 3. HP: 16/16 MP: 8/8
  1396 | D:2      | Found a shimmering altar of Xom.
  1781 | D:2      | Reached skill level 6 in Stealth
  2030 | D:2      | Reached XP level 4. HP: 21/21 MP: 1/9
  2892 | D:3      | Reached skill level 7 in Stealth
  2913 | D:3      | Reached XP level 5. HP: 24/24 MP: 10/10
  3107 | D:3      | Killed from afar by an orc wizard

Illustrated notes

Levels and vault maps discovered:
D:1:      dpeg_arrival_tiny_d, layout_loops_ring
D:2:      layout_loops_ring, xom_teletrap_fun
D:3:      layout_loops_ring, due_unseen_surprise

Skill      XL: |  1  2  3  4 |
---------------+-------------+-----
Stealth        | 5 6 7 |  7.0
Short Blades   | 2 3 |  3.8
Dodging        | |  3.0
Spellcasting   | |  2.6
Hexes          | |  3.6

Action                   |  1- 3 |  4- 6 || total
-------------------------+-------+-------++-------
Melee: Dagger            |   125 |    65 ||   190
 Cast: Corona            |    11 |     2 ||    13
       Ensorcelled Hiber |    27 |    16 ||    43
 Stab: Sleeping          |    19 |    18 ||    37
       Distracted        |       |     1 ||     1
  Eat: Ration            |       |     1 ||     1
Armor: Robe              |    27 |     5 ||    32
Dodge: Dodged            |   106 |    44 ||   150

Table legend:
 A = Non-vault XP
 B = Vault XP
 C = Vault XP percentage of total XP
 D = Non-vault monster count
 E = Vault monster count
 F = Vault count percentage of total count
                 A         B        C        D         E       F
            +---------+---------+-------+---------+---------+-------
      Total |     205 |       0 |   0.0 |      62 |       0 |   0.0
            +---------+---------+-------+---------+---------+-------
        D:1 |      32 |       0 |   0.0 |      20 |       0 |   0.0
        D:2 |     143 |       0 |   0.0 |      32 |       0 |   0.0
        D:3 |      30 |       0 |   0.0 |      10 |       0 |   0.0
            +---------+---------+-------+---------+---------+-------
